 Dungeon Crawl Stone Soup version 0.17.0-9-g801d43b (webtiles) character file.

56 oplop the Sneak (level 3, -10/19 HPs)
             Began as a Vine Stalker Assassin on Nov 9, 2015.
             Killed by divine providence
             ... invoked by an orc priest
              (14 damage)
             ... on level 3 of the Dungeon.
             The game lasted 00:02:00 (1070 turns).

oplop the Sneak (Vine Stalker Assassin)             Turns: 1070, Time: 00:02:01

Health: -10/19     AC:  5    Str: 14    XL:     3   Next: 95%
Magic:  0/4        EV: 11    Int: 11    God:
Gold:   84         SH:  0    Dex: 15    Spells: 0 memorised, 2 levels left

rFire  . . .     SeeInvis +     b - +0 blowgun
rCold  . . .     Clarity  .     c - +0 robe
rNeg   . . .     SustAt   .     (no shield)
rPois  .         Gourm    .     l - +1 helmet {SInv}
rElec  .         Spirit   +     d - +0 cloak
rCorr  .         Warding  .     (no gloves)
rMut   .         Stasis   .     (no boots)
MR     .....                    (no amulet)
Stlth  +++.......               (no ring)
                                q - ring of see invisible

@: not resistant to hostile enchantments, fairly stealthy
A: fangs 2, regeneration 1, magic shield, antimagic bite, no device heal 3, rot
immunity
a: no special abilities


You were on level 3 of the Dungeon.
You were hungry.

You visited 1 branch of the dungeon, and saw 3 of its levels.

You collected 84 gold pieces.

Inventory:

Hand Weapons
 a - a +2 dagger
 b - a +0 blowgun (weapon)
Missiles
 e - a poisoned needle (quivered)
 f - 2 curare-tipped needles
Armour
 c - a +0 robe (worn)
 d - a +0 cloak (worn)
 l - a +1 helmet of see invisible (worn)
Jewellery
 m - an uncursed ring of wizardry {unknown}
 q - a ring of see invisible (left hand)
 r - an uncursed amulet of faith {unknown}
 y - an uncursed ring of stealth {unknown}
Scrolls
 o - 2 scrolls of recharging {unknown}
 p - 6 scrolls of identify {unknown}
 s - a scroll of remove curse {unknown}
 t - 2 scrolls of immolation {unknown}
 u - 2 scrolls of teleportation {unknown}
 w - a scroll of random uselessness {unknown}
 x - 2 scrolls of enchant armour {unknown}
Potions
 i - a potion of degeneration {unknown}
 j - a potion of heal wounds {unknown}
 k - 2 potions of curing {unknown}
 n - 2 potions of might {unknown}
 z - a potion of lignification {unknown}
 A - a potion of flight {unknown}
Comestibles
 g - 2 bread rations
 h - a royal jelly
 v - 2 meat rations


   Skills:
 + Level 2.4 Fighting
 + Level 2.4 Short Blades
 - Level 1.7 Throwing
 - Level 0.7 Dodging
 + Level 5.8 Stealth


You had 2 spell levels left.
You didn't know any spells.

Dungeon Overview and Level Annotations

Branches:
Dungeon (3/15)

Altars:


Innate Abilities, Weirdness & Mutations

You have extremely sharp teeth.
Your natural rate of healing is unusually fast.
When hurt, damage is shared between your health and your magic reserves.
Your bite disrupts and absorbs the magic of your enemies.
Potions and wands cannot restore your health.
You are immune to rotting.


Message History

The orc priest is almost dead.
The orc priest looks more healthy.
The orc priest invokes the aid of Beogh against you.
Something smites you!
* * * LOW HITPOINT WARNING * * *
You are too injured to fight recklessly!
b - a +0 blowgun (weapon)
You are too injured to fight recklessly!
You are too injured to fight recklessly!
Firing (i - inventory. (,) - cycle):
e - 2 poisoned needles (quivered)
Press: ? - help, Shift-Dir - straight line, f - orc priest
Aim: an orc priest, wielding a flail (almost dead)
You shoot a poisoned needle.
The poisoned needle hits the orc priest!
The orc priest is poisoned.
The orc priest is almost dead.
The orc priest mumbles some strange prayers to Beogh against you.
Something smites you!
Ouch! That really hurt!
You die...

###<.......
#......#####
#########(#
#......#####
#.#
#..........#
#(#
#......)...#
#.#
####.......#
#)# #########
#.# #........
#o# #.#######
#@# #.# #.#
###.# #.#
##...# #.#
#...## #.#
#...# #.#
#)..# #.#
#...# ####.#
#...#
#....#####...#


You could see an orc priest.

Vanquished Creatures
  An adder (D:3)
  An ooze (D:1)
  A worm (D:2)
  2 giant geckos (D:1)
  2 orcs (D:3)
  3 hobgoblins
  7 bats
  4 giant cockroaches
  2 giant newts (D:2)
  5 goblins
  4 kobolds
  5 rats
37 creatures vanquished.

Notes
Turn   | Place    | Note
--------------------------------------------------------------
     0 | D:1      | oplop the Vine Stalker Assassin began the quest for the Orb.
     0 | D:1      | Reached XP level 1. HP: 11/11 MP: 2/2
    87 | D:1      | Reached skill level 5 in Stealth
   124 | D:1      | Reached XP level 2. HP: 15/15 MP: 3/3
   407 | D:1      | Reached XP level 3. HP: 18/18 MP: 4/4
  1070 | D:3      | Killed from afar by an orc priest

Action                   || total
-------------------------++-------
Melee: Dagger            ||    96
 Fire: Blowgun           ||    13
 Stab: Sleeping          ||     7
